 Dungeon Crawl Stone Soup version 0.29-a0-334-gb41bcbb86e (webtiles) character file.

Game seed: 6041616239258702460

9 spaghetti the Skirmisher (level 2, 0/28 HPs)
             Began as a Naga Fighter on Apr 13, 2022.
             Slain by a gnoll
             ... wielding a +0 spear
              (1 damage)
             ... on level 1 of the Dungeon.
             The game lasted 00:00:24 (212 turns).

spaghetti the Skirmisher (Naga Fighter)              Turns: 212, Time: 00:00:25

Health: 0/28       AC:  4    Str: 18    XL:     2   Next: 12%
Magic:  2/2        EV:  7    Int:  8    God:
Gold:   0          SH:  4    Dex: 10    Spells: 1/1 levels left

rFire   . . .      SeeInvis +   a - +0 flail {mace}
rCold   . . .      Faith    .   c - +0 buckler
rNeg    . . .      Spirit   .   b - +0 scale mail
rPois   +          Reflect  .   (no helmet)
rElec   .          Harm     .   (no cloak)
rCorr   .          Rampage  .   (no gloves)
Will    .....                   (no barding)
Stlth   ..........              (no amulet)
HPRegen 0.09/turn               (no ring)
MPRegen 0.08/turn               (no ring)

@: mighty, very slow
A: AC +0, large, see invisible, deformed body, poison resistance, slowness 2,
spit poison 1, naga tail 1
a: Spit Poison


You were on level 1 of the Dungeon.
You visited 1 branch of the dungeon, and saw 1 of its levels.


Innate Abilities, Weirdness & Mutations

Your serpentine skin is tough. (AC +0)
You have supernaturally acute eyesight. (SInv)
Armour fits poorly on your strangely shaped body.
Your system is resistant to poisons. (rPois)
You cover ground very slowly.
You can spit poison.
You have a snake-like lower body.


   Skills:
 - Level 3.0 Fighting
 - Level 2.0 Maces & Flails
 + Level 3.0 Armour
 - Level 2.4 Shields


You had one spell level left.
You didn't know any spells.
Your spell library was empty.

Inventory:

Hand Weapons
 a - a +0 flail (weapon) {mace}
Missiles
 e - 17 stones {throwing}
Armour
 b - a +0 scale mail (worn)
 c - a +0 buckler (worn)

Dungeon Overview and Level Annotations

Branches:
Dungeon (1/15)

Altars:

###.. #.######## .....
#.#.g..... .....[ #
#.#.≈w≈≈≈. ...... .#
#.#.≈≈≈≈≈p
....#####.###.#.w≈≈X≈o
#.#............#.NOpfnB
#....?†r.# ...########
#.gK@..# ......'''..
#.###..###.#..###.###
#........ #[....#
.[.###..#.###..#..<..#
#............# #.....#
#.######.###.# #######
#.# #.#.# #.# #.#.#
##.###.#.#


You could see a gnoll, a kobold and a rat.


Message History

Your hp is fully restored (21).
There are monsters nearby!
There are monsters nearby!
You sock the kobold!
You kill the kobold!
A goblin comes into view. It is wielding a +0 club.
The goblin shouts!
You sock the frilled lizard!
You kill the frilled lizard!
Things that are here:
a +0 dagger {short}; a frilled lizard corpse You barely miss the goblin.
The goblin hits you with a +0 club. x2 😕 HP[-3]
You take 3 damage, and now have 18/21 hp.
You are too injured to fight recklessly!
You are too injured to fight recklessly!
You are too injured to fight recklessly!
You are too injured to fight recklessly!
You are too injured to fight recklessly!
You are too injured to fight recklessly!
You are too injured to fight recklessly!
You are too injured to fight recklessly!
You are too injured to fight recklessly!
A goblin is nearby!
You closely miss the goblin. The goblin hits you but does no damage.
You sock the goblin!
You kill the goblin!
Things that are here:
a +0 club {mace}; a goblin corpse
e - 17 stones {throwing} Key pressed, stopping explore.
A rat, a ball python and a dart slug come into view.
The rat moves out of view. 😎 HP[+3]
Your hp is fully restored (21).
There are monsters nearby!
There are monsters nearby!
A kobold and a gnoll come into view.
The kobold shouts!
The gnoll shouts!
The ball python bites you but does no damage.
You barely miss the ball python. You block the ball python's attack.
The kobold hits you with a +0 short sword.
The ball python bites you but does no damage.
The dart slug launches a dart at you.
The slug dart hits you but does no damage.
The kobold closely misses you. The gnoll closely misses you. 😕 HP[-1]
You take 1 damage, and now have 20/21 hp.
You sock the ball python!
You kill the ball python!
The kobold hits you but does no damage.
The gnoll hits you from afar with a +0 spear.
The dart slug barely misses you.
You are too injured to fight recklessly!
You are too injured to fight recklessly!
You are too injured to fight recklessly! 😕 HP[-4]
You take 4 damage, and now have 16/21 hp.
You are too injured to fight recklessly!
You are too injured to fight recklessly!
You are too injured to fight recklessly!
You are too injured to fight recklessly!
You are too injured to fight recklessly!
You are too injured to fight recklessly!
You are too injured to fight recklessly!
Unknown command.
You hit the dart slug. The kobold hits you but does no damage.
The gnoll hits you from afar with a +0 spear!
* * * LOW HITPOINT WARNING * * *
The rat barely misses you.
You block the dart slug's attack. 😨 HP[-7]
You take 7 damage, and now have 9/21 hp.
MASSIVE DAMAGE!! (PAUSE)
You feel very mighty all of a sudden. The kobold hits you but does no damage.
The gnoll barely misses you. The rat bites you.
* * * LOW HITPOINT WARNING * * *
The dart slug bites you but does no damage.
You sock the dart slug!
You kill the dart slug!
The kobold hits you with a +0 short sword.
* * * LOW HITPOINT WARNING * * *
The gnoll barely misses you. The rat closely misses you.
The kobold hits you with a +0 short sword.
* * * LOW HITPOINT WARNING * * *
The rat bites you but does no damage. The gnoll barely misses you.
Your Armour skill increases to level 3!
You have reached level 2! 😱 HP[-5] MP[+1]
You now have 28 max hp (+7).
Your mp is fully restored (2).
You barely miss the rat. The gnoll hits you but does no damage.
The kobold hits you but does no damage. The rat bites you.
* * * LOW HITPOINT WARNING * * *
😱 HP[-2]
You take 2 damage, and now have 2/28 hp.
You closely miss the rat. The kobold hits you but does no damage.
The rat bites you.
* * * LOW HITPOINT WARNING * * *
The gnoll hits you from afar with a +0 spear.
You die...

Skill      XL: |  1 |
---------------+----+-----
Armour         | 3 |  3.0
Fighting       | |  3.0
Maces & Flails | |  2.0
Shields        | |  2.4

Action                   || total
-------------------------++-------
Melee: Flail             ||    18
 Abil: Spit Poison       ||     1
  Use: Potion            ||     1
Armor: Scale mail        ||    20
Dodge: Dodged            ||    17
Block: Buckler           ||     5

Levels and vault maps discovered:
D:1:      nicolae_arrival_kraken_aquarium_b, layout_loops_ring,
          nicolae_ecumenical_lake_church, serial_bayou_pond_c

Notes
Turn   | Place    | Note
-------+----------+-------------------------------------------
     0 | D:1      | spaghetti the Naga Fighter began the quest for the Orb.
     0 | D:1      | Reached XP level 1. HP: 21/21 MP: 1/1
     0 | D:1      | magus.rc [v1.9.6]
     1 | D:1      | Killed an ogre
     2 | D:1      | Noticed a dwarf
     2 | D:1      | Noticed a troll
     2 | D:1      | Noticed a naga
     2 | D:1      | Noticed a demigod
     2 | D:1      | Noticed a naga
     2 | D:1      | Noticed a kraken
     2 | D:1      | Noticed a formicid
     2 | D:1      | Noticed a ghoul
     2 | D:1      | Noticed a tengu
     2 | D:1      | Noticed an ogre
     2 | D:1      | Noticed a human
     2 | D:1      | Noticed a vine stalker
     3 | D:1      | Killed a troll
     7 | D:1      | Killed a tengu
     8 | D:1      | Killed a naga
     8 | D:1      | Killed a dwarf
     9 | D:1      | Killed a naga
    10 | D:1      | Killed an ogre
    11 | D:1      | Killed a human
    11 | D:1      | Killed a ghoul
    13 | D:1      | Killed a demigod
    14 | D:1      | Killed a vine stalker
    18 | D:1      | Killed a formicid
    28 | D:1      | Found a faded altar of an unknown god.
   210 | D:1      | HP: 5/21 [kobold/+0 short sword (4)]
   211 | D:1      | Reached skill level 3 in Armour
   211 | D:1      | Reached XP level 2. HP: 4/28 MP: 2/2
   211 | D:1      | HP: 2/28 [rat (2)]
   212 | D:1      | Slain by a gnoll

Vanquished Creatures
  A dart slug (D:1)
  A ball python (D:1)
  A goblin (D:1)
  A hobgoblin (D:1)
  A bat (D:1)
  A frilled lizard (D:1)
  A kobold (D:1)
7 creatures vanquished.

Vanquished Creatures (others)
  A ghoul (D:1)
  A vine stalker (D:1)
  A troll (D:1)
  A formicid (D:1)
  A human (D:1)
  2 nagas (D:1)
  A demigod (D:1)
  A dwarf (D:1)
  2 ogres (D:1)
  A tengu (D:1)
  A mummy (D:1)
  A gnoll (D:1)
  An orc (D:1)
  10 tentacles (D:1)
25 creatures vanquished.

Grand Total: 32 creatures vanquished

Table legend:
 A = Non-vault XP
 B = Vault XP
 C = Vault XP percentage of total XP
 D = Non-vault monster count
 E = Vault monster count
 F = Vault count percentage of total count
                 A         B        C        D         E       F
            +---------+---------+-------+---------+---------+-------
      Total |      13 |       0 |   0.0 |       7 |       0 |   0.0
            +---------+---------+-------+---------+---------+-------
        D:1 |      13 |       0 |   0.0 |       7 |       0 |   0.0
            +---------+---------+-------+---------+---------+-------

Illustrated notes

Table legend:
 A = Kills in this place as a percentage of kills in entire the game.
 B = Kills by you in this place as a percentage of kills by you in the entire game.
 C = Kills by friends in this place as a percentage of kills by friends in the entire game.
 D = Other kills in this place as a percentage of other kills in the entire game.
 E = Experience gained in this place as a percentage of experience gained in the entire game.
 F = Experience gained in this place divided by the number of levels of this place that you have seen.
                   A       B       C       D       E      F
               +-------+-------+-------+-------+-------+----------------------
         Total | 100.0 | 100.0 |   N/A |   N/A | 100.0 |  13.0
       Dungeon | 100.0 | 100.0 |   N/A |   N/A | 100.0 |  13.0
               +-------+-------+-------+-------+-------+----------------------

Table legend: (Time is in decaauts)
 A = Elapsed time spent in this place.
 B = Non-inter-level travel time spent in this place.
 C = Inter-level travel time spent in this place.
 D = Time resting spent in this place.
 E = Time spent auto-exploring this place.
 F = Levels seen in this place.
 G = Mean time per level.
                   A        B        C        D        E       F      G
               +--------+--------+--------+--------+--------+-----+--------+
         Total |    259 |    259 |      0 |      0 |    206 |   1 |  259.0 |
       Dungeon |    259 |    259 |      0 |      0 |    206 |   1 |  259.0 |
               +--------+--------+--------+--------+--------+-----+--------+

Top non-repeatable levels by time:
     D:1: 259 daAuts
